Map: Frostline LE

Players

TheMachine - Winner!

  • Race: Protoss Protoss
  • League: Diamond
  • Spawn Location: 1:00

kallagen

  • Race: Terran Terran
  • League: Platinum
  • Spawn Location: 7:00

VOD

Have the link to the VOD?

Description

Time

  • Played on: April 23, 2025, 2:21 p.m.
  • Length: 13:41
Show
View Real Time Build Order
Export as new Build Order

TheMachine Protoss - Winner!

Build Orders: Dark Templar Rush 

Get SALT Encoding   

  12  0:00  Probe  
  13  0:12  Probe  
  14  0:19  Pylon  
  14  0:24  Probe  
  15  0:37  Probe  
  15  0:42  Gateway  
  16  0:48  Probe  
  17  0:56  Probe, Assimilator  
  18  1:05  Probe  
  19  1:16  Probe  
  20  1:28  Probe  
  20  1:32  Cybernetics Core  
  21  1:35  Assimilator  
  21  1:40  Probe  
  21  1:44  Pylon  
  22  1:54  Probe  
  22  2:00  Warp Gate  
  23  2:03  Gateway  
  23  2:04  Stalker  
  23  2:06  Probe  
  26  2:18  Probe  
  27  2:25  Twilight Council  
  27  2:30  Probe  
  28  2:42  Probe  
  29  2:48  Nexus  
  29  2:54  Probe  
  30  2:59  Pylon  
  30  3:05  Dark Shrine  
  30  3:18  Stalker  
  30  3:20  Probe  
  30  3:24  Stalker  
  33  3:32  Probe  
  36  3:37  Pylon  
  36  3:43  Gateway  
  36  3:47  Gateway  
  36  3:57  Probe  
  36  4:01  Probe  
  37  4:05  Probe  
  37  4:09  Probe  
  39  4:13  Probe  
  39  4:15  Assimilator  
  40  4:17  Assimilator  
  40  4:20  Dark Templar  
  40  4:23  Dark Templar  
  45  4:39  Dark Templar  
  45  4:41  Dark Templar  
  49  4:47  Probe x2  
  51  5:03  Nexus  
  50  5:42  Probe  
  46  5:52  Probe  
  46  5:53  Stalker x2  
  46  5:54  Stalker x2  
  55  6:07  Robotics Facility  
  55  6:09  Probe x2  
  57  6:13  Robotics Facility  
  55  6:20  Pylon  
  55  6:21  Probe x2, Stalker x3  
  55  6:22  Stalker, Pylon  
  55  6:24  Blink  
  65  6:30  Probe  
  65  6:31  Probe x2  
  65  6:38  Probe  
  65  6:39  Probe x2  
  71  6:47  Probe  
  71  6:48  Probe  
  73  6:57  Robotics Bay  
  73  6:58  Probe  
  73  6:59  Probe  
  73  7:00  Stalker  
  73  7:01  Stalker x3  
  81  7:04  Probe  
  81  7:07  Assimilator  
  84  7:09  Probe x2  
  84  7:11  Assimilator  
  84  7:14  Probe  
  86  7:17  Probe  
  86  7:18  Probe  
  89  7:26  Zealot x2  
  93  7:33  Pylon  
  93  7:36  Gateway  
  93  7:40  Extended Thermal Lance  
  93  7:41  Pylon  
  93  7:44  Pylon  
  93  7:47  Colossus x2, Pylon  
  93  7:51  Probe x3  
  96  7:57  Pylon  
  96  8:03  Pylon  
  108  8:08  Pylon  
  108  8:09  Probe x3  
  111  8:21  Probe x2  
  111  8:23  Gateway  
  113  8:28  Shield Battery x2  
  113  8:30  Probe  
  113  8:33  Probe, Zealot x2  
  113  8:34  Observer, Zealot x2  
  121  8:35  Observer  
  121  8:40  Probe  
  126  8:48  Zealot  
  126  8:50  Colossus  
  126  8:54  Colossus  
  134  8:57  Templar Archives  
  112  9:17  Zealot x5  
  122  9:33  Colossus  
  122  9:37  Colossus  
  122  9:44  Zealot  
  122  9:45  Zealot x5  
  140  9:47  Charge  
  146  9:59  Forge  
  146  10:02  Forge  
  146  10:09  Nexus  
  146  10:27  Protoss Shields Level 1, Protoss Ground Weapons Level 1, Psionic Storm  
  146  10:34  Nexus  
  146  10:36  Pylon  
  146  10:38  Pylon  
  146  10:39  Pylon  
  146  10:43  Colossus  
  146  10:46  Colossus, Pylon  
  146  10:47  Pylon  
  146  10:49  Pylon  
  146  10:51  Pylon  
  146  10:55  Pylon  
  158  11:25  High Templar  
  158  11:26  High Templar x5  
  170  11:37  Colossus  
  170  11:39  Colossus, Gateway  
  176  11:43  Shield Battery  
  182  11:47  Shield Battery  
  182  11:50  Assimilator  
  182  11:51  Photon Cannon  
  182  11:53  Assimilator  
  182  11:54  Photon Cannon  
  182  12:00  Photon Cannon  
  182  12:13  Pylon  
  182  12:16  Pylon  
  182  12:19  Pylon  
  182  12:21  Assimilator  
  182  12:25  Assimilator  
  182  12:29  Zealot x4  
  189  12:30  Zealot x2  
  189  12:32  Zealot  
  195  12:51  Gateway  
  195  12:53  Shield Battery  
  195  12:54  Shield Battery, Photon Cannon  
  195  12:56  Photon Cannon  
  195  12:58  Photon Cannon  
  195  13:14  Stalker  
  195  13:15  Stalker  
Show
View Real Time Build Order
Export as new Build Order

kallagen Terran 

Build Orders: Reaper Expand 

Get SALT Encoding   

  12  0:00  SCV  
  13  0:12  SCV  
  14  0:17  Supply Depot  
  14  0:24  SCV  
  15  0:39  SCV  
  15  0:40  Barracks  
  16  0:43  Refinery  
  16  0:51  SCV  
  17  1:03  SCV  
  18  1:15  SCV  
  19  1:27  Orbital Command, Reaper  
  20  1:44  Command Center  
  19  1:56  SCV  
  20  2:03  Marine, Supply Depot  
  21  2:11  SCV  
  22  2:17  Factory  
  22  2:23  SCV  
  23  2:30  Barracks Reactor  
  23  2:35  SCV  
  24  2:43  Refinery  
  24  2:48  SCV  
  25  2:54  Engineering Bay  
  25  2:56  Orbital Command  
  25  3:00  SCV  
  26  3:07  Marine x2, Factory Tech Lab  
  26  3:10  Starport  
  28  3:13  SCV  
  29  3:23  SCV  
  29  3:26  SCV  
  31  3:33  Missile Turret  
  31  3:34  Missile Turret  
  31  3:35  SCV  
  31  3:38  Siege Tank, SCV  
  36  3:46  Marine  
  36  3:47  SCV  
  38  3:50  SCV  
  39  3:56  Terran Infantry Weapons Level 1  
  39  3:59  SCV, Supply Depot  
  39  4:00  Starport Tech Lab  
  39  4:02  SCV  
  41  4:05  Marine x2  
  43  4:15  SCV x2  
  45  4:22  Supply Depot  
  45  4:26  Refinery  
  45  4:27  Refinery, SCV  
  45  4:28  Marine x2, SCV  
  49  4:34  Barracks  
  49  4:35  Barracks  
  49  4:42  SCV x2  
  49  4:43  Bunker  
  51  4:45  Marine, Supply Depot  
  51  4:46  Marine  
  51  4:48  Raven  
  51  5:19  Supply Depot  
  38  5:50  Terran Infantry Armor Level 1  
  26  6:17  SCV  
  26  6:19  SCV  
  26  6:21  Marine x2  
  26  6:23  Barracks Tech Lab  
  26  6:24  Barracks Tech Lab  
  29  6:29  SCV  
  29  6:31  SCV  
  31  6:41  Marine x2, SCV  
  31  6:42  Marine x2  
  31  6:43  Combat Shield, Stimpack, SCV  
  31  6:46  Siege Tank  
  40  6:48  Starport Reactor  
  40  7:00  Supply Depot  
  40  7:02  Marine x2  
  40  7:03  Marauder x2  
  40  7:05  SCV x2  
  48  7:17  SCV x2  
  48  7:20  Marine, Siege Tank  
  48  7:21  Marine  
  55  7:24  Medivac  
  55  7:25  Medivac, Marauder x2  
  63  7:31  Supply Depot  
  63  7:32  SCV x2  
  63  7:35  Supply Depot  
  65  7:38  Marine x2  
  67  7:44  SCV x2  
  67  7:46  Marauder x2  
  73  7:55  Engineering Bay, Armory  
  73  7:56  Marine x2, SCV x2  
  77  7:59  Supply Depot  
  77  8:07  Marauder  
  77  8:08  Marauder  
  77  8:10  SCV  
  77  8:11  SCV  
  77  8:12  Siege Tank  
  86  8:15  Marine x2  
  88  8:28  Command Center  
  88  8:35  Medivac x2  
  88  8:36  Marine, Barracks  
  88  8:39  Barracks  
  93  8:42  SCV x2  
  67  9:18  Marine x2  
  67  9:19  Siege Tank, Marauder x2  
  62  9:31  Barracks Tech Lab x2  
  62  9:36  Viking x2  
  62  9:37  Marine x2  
  66  9:40  Marauder  
  66  9:45  Orbital Command  
  68  9:57  SCV x2  
  70  10:04  Marine x2, Marauder x4  
  70  10:05  Supply Depot x2  
  80  10:08  Viking  
  80  10:13  SCV x2  
  80  10:14  SCV  
  85  10:22  Marine x2  
  85  10:25  Concussive Shells, Marauder x3  
  85  10:26  Marauder  
  95  10:32  Orbital Command  
  95  10:40  Viking  
  97  10:52  Marine x2  
  97  10:53  Marauder x4  
  107  10:58  SCV x3  
  110  11:15  Marine x2  
  110  11:16  Marauder x4  
  120  11:22  Refinery  
  120  11:23  Refinery  
  120  11:24  Command Center  
  120  11:31  Barracks  
  120  11:32  Barracks  
  120  11:33  Terran Vehicle Weapons Level 1  
  120  11:35  Barracks, SCV x3  
  123  11:40  Marine  
  123  11:41  Marine, Marauder x2  
  123  11:42  Marauder  
  123  11:44  Marauder  
  133  11:56  Supply Depot  
  133  11:57  Supply Depot  
  133  12:18  Marauder x3, Marine x2, SCV x3  
  133  12:19  Marauder  
  146  12:36  Marine x2  
  148  12:39  Marauder x3  
  148  12:40  Marauder  
  148  12:42  Barracks Reactor  
  156  12:45  Barracks Reactor  
  156  12:48  Barracks  
  156  12:52  Viking x2  
  160  13:01  Marauder x2  
  160  13:02  Supply Depot  
  164  13:13  Supply Depot  
Tags
 
Add a new tag
Caveats
  • Supply blocks, unpowered buildings, or Contaminate may cause inaccurate times.
  • Supply counts are checked every 10 seconds.